Map: Cyber Forest LE

Players

TYTY (TY) - Winner!

  • Race: Terran Terran
  • League: Master
  • Spawn Location: 5:00

Serral

  • Race: Zerg Zerg
  • League: Grandmaster
  • Spawn Location: 11:00

Event: HomeStory Cup XIX

VOD

Have the link to the VOD?

Description

Time

  • Played on: June 30, 2019, 6:32 p.m.
  • Length: 8:51

All games in this series

Show
View Real Time Build Order
Export as new Build Order

TYTY Terran - Winner!

Build Orders:  

Get SALT Encoding   

  12  0:00  SCV  
  13  0:12  SCV  
  14  0:17  Supply Depot  
  14  0:24  SCV  
  15  0:40  Barracks  
  15  0:50  Barracks  
  15  0:54  SCV  
  16  1:06  SCV  
  16  1:10  Refinery  
  17  1:18  SCV  
  18  1:26  Marine  
  18  1:32  Orbital Command  
  19  1:37  Marine  
  20  1:44  Marine  
  20  1:45  Supply Depot  
  21  1:54  Marine  
  21  2:01  Bunker  
  22  2:02  Marine  
  23  2:12  Marine  
  23  2:20  Marine  
  23  2:22  Factory  
  23  2:28  SCV  
  24  2:42  SCV  
  23  2:54  SCV  
  23  2:58  Command Center  
  24  3:06  Factory Reactor, SCV  
  24  3:11  Refinery  
  25  3:18  SCV  
  25  3:19  Starport  
  26  3:25  Supply Depot  
  26  3:30  SCV  
  27  3:42  SCV  
  27  3:43  Hellion  
  27  3:45  Barracks Tech Lab  
  27  3:47  Hellion  
  32  3:55  SCV  
  33  3:56  Medivac  
  35  4:04  Hellion  
  35  4:07  SCV  
  40  4:10  Hellion  
  40  4:13  Orbital Command  
  40  4:16  Stimpack  
  40  4:19  SCV  
  41  4:31  SCV  
  41  4:35  Starport Reactor  
  41  4:37  Barracks  
  41  4:40  Factory Tech Lab  
  41  4:41  SCV  
  41  4:42  Marine x2  
  41  4:43  Marine  
  41  4:44  SCV  
  46  4:53  SCV  
  46  4:57  SCV  
  46  4:58  Supply Depot  
  48  5:00  Marine  
  48  5:01  Siege Tank  
  52  5:08  SCV  
  52  5:12  Marine  
  54  5:15  Supply Depot  
  54  5:19  Marine, SCV  
  54  5:20  SCV  
  54  5:21  Refinery  
  57  5:23  Marine, Starport Reactor  
  58  5:30  Marine  
  58  5:35  Siege Tank  
  62  5:37  Marine x2  
  62  5:39  SCV x2  
  67  5:46  Marine  
  68  5:53  Supply Depot  
  68  5:56  Marine x2  
  68  5:57  Marine  
  70  6:15  Marine, Medivac x2  
  70  6:16  Marine x3  
  70  6:17  Combat Shield  
  78  6:38  Supply Depot  
  78  6:40  Supply Depot  
  78  6:56  Marine  
  78  6:57  Marine x2  
  78  6:58  Marine x2  
  78  6:59  Siege Tank  
  72  7:05  Medivac x2  
  68  7:08  SCV x2  
  68  7:14  Marine  
  70  7:15  Marine x2  
  70  7:16  Marine x2  
  70  7:20  SCV x2  
  76  7:28  Command Center  
  76  7:32  Marine, SCV  
  76  7:33  Siege Tank, Marine x3  
  76  7:35  Liberator x2  
  84  7:37  Marine  
  80  7:50  Marine  
  80  7:51  Marine x2  
  75  7:53  Marine  
  75  7:55  Marine  
  75  7:57  SCV x2  
  85  8:08  Marine  
  85  8:09  Marine x2  
  88  8:13  Engineering Bay, SCV x2  
  88  8:15  Barracks, Engineering Bay  
  90  8:22  Marine  
  90  8:23  Marine  
  90  8:26  Marine  
  89  8:28  Marine x2  
  89  8:30  SCV  
Show
View Real Time Build Order
Export as new Build Order

Serral Zerg 

Build Orders: Hatch First 

Get SALT Encoding   

  12  0:00  Drone  
  13  0:12  Overlord  
  13  0:18  Drone  
  14  0:31  Drone x2  
  16  0:49  Hatchery  
  15  0:52  Drone  
  15  0:55  Drone  
  17  1:00  Drone  
  18  1:10  Extractor  
  17  1:15  Spawning Pool  
  17  1:17  Drone  
  17  1:21  Drone  
  18  1:29  Drone  
  20  2:04  Queen x2  
  20  2:06  Zergling x8  
  27  2:13  Zergling x2  
  26  2:20  Extractor  
  25  2:24  Drone  
  26  2:36  Drone  
  25  2:37  Drone  
  25  2:42  Drone  
  26  2:44  Drone  
  27  2:54  Overlord  
  27  3:12  Drone x5  
  32  3:26  Metabolic Boost  
  32  3:33  Hatchery  
  31  3:36  Drone  
  31  3:37  Drone  
  31  3:40  Drone  
  34  3:42  Drone  
  35  3:50  Overlord  
  35  3:52  Overlord  
  35  4:01  Extractor  
  35  4:02  Queen, Extractor  
  35  4:09  Drone x4  
  42  4:10  Drone  
  42  4:15  Zergling x4  
  44  4:20  Drone  
  44  4:23  Overlord  
  45  4:24  Drone x2  
  45  4:28  Overlord  
  46  4:39  Baneling Nest  
  46  4:41  Queen  
  46  4:42  Zergling x2  
  46  4:43  Zergling x4  
  50  4:46  Queen  
  52  4:54  Zergling x2  
  52  4:55  Overlord  
  52  4:58  Zergling x2  
  55  5:00  Drone x4  
  55  5:05  Drone  
  55  5:06  Drone x2  
  59  5:13  Zergling x4  
  60  5:17  Drone  
  60  5:18  Drone x2  
  62  5:23  Drone x2  
  62  5:27  Queen  
  66  5:28  Lair  
  66  5:30  Extractor  
  66  5:32  Baneling x5  
  66  5:33  Zergling x4  
  67  5:38  Spore Crawler  
  67  5:41  Drone  
  67  5:44  Zergling x2  
  67  5:46  Spore Crawler  
  67  5:48  Overlord  
  68  5:50  Drone x3  
  68  5:54  Drone  
  68  5:55  Drone x3  
  74  5:59  Overlord  
  74  6:06  Queen  
  74  6:07  Extractor  
  75  6:13  Drone x4  
  75  6:15  Drone x2  
  75  6:16  Evolution Chamber  
  75  6:17  Evolution Chamber  
  79  6:19  Zergling x6  
  79  6:24  Baneling x3  
  79  6:25  Baneling x2  
  81  6:26  Zergling x4, Spore Crawler  
  81  6:32  Zergling x8  
  86  6:36  Queen  
  86  6:38  Baneling x2  
  86  6:39  Baneling x2  
  88  6:44  Zergling x6  
  87  6:58  Zergling x4  
  74  7:03  Queen x2  
  74  7:04  Zergling x14  
  74  7:06  Overlord x2  
  81  7:09  Overlord  
  81  7:12  Overlord  
  81  7:22  Zergling x2  
  81  7:23  Queen  
  81  7:25  Zergling x6  
  81  7:26  Zergling x4  
  88  7:32  Baneling x4  
  88  7:33  Zergling x4  
  88  7:37  Zergling x2  
  88  7:41  Zergling x2  
  85  7:44  Zergling x2  
  85  7:48  Zergling x6  
  84  7:53  Zergling x4  
  83  8:00  Zergling x2  
  83  8:02  Zergling x2  
  78  8:06  Zergling x2  
  78  8:07  Hatchery  
  78  8:13  Zergling x4, Queen x3  
  78  8:17  Baneling x3  
  86  8:22  Zergling x10  
  86  8:25  Zergling x2  
  79  8:29  Zergling x8  
Tags
 
Add a new tag
Caveats
  • Supply blocks, unpowered buildings, or Contaminate may cause inaccurate times.
  • Supply counts are checked every 10 seconds.